 Dungeon Crawl Stone Soup version 0.31-a0-986-g5e6e4ef867 (webtiles) character file.

Game seed: 5659684938827587176

151 gelatine the Chopper (level 5, -13/41 HPs)
             Began as a Demonspawn Fighter on Nov 14, 2023.
             Mangled by an ogre
             ... wielding a +0 giant spiked club
              (24 damage)
             ... on level 4 of the Dungeon.
             The game lasted 00:09:27 (3024 turns).

gelatine the Chopper (Demonspawn Fighter)           Turns: 3024, Time: 00:09:28

Health: -13/41     AC: 12    Str: 23    XL:     5   Next: 11%
Magic:  5/5        EV: 11    Int: 12    God:
Gold:   173        SH:  4    Dex: 12    Spells: 4/4 levels left

rFire   . . .        e - +0 hand axe
rCold   + . .        c - +0 buckler
rNeg    . . .        h - +0 leather armour
rPois   .            x - +0 helmet {SInv}
rElec   +            (no cloak)
rCorr   .            n - +0 pair of gloves
SInv    +            j - +0 pair of boots
Will    +....        (no amulet)
Stlth   +            g - ring of willpower
HPRegen 0.26/turn    v - ring "Woabiwn" {Wiz rElec rC+ Str+4 Int+3}
MPRegen 0.09/turn

%: wizardry (x1)
@: sanguine armoured
A: sanguine armour 1, demonic magic 1, demonic touch 1
a: no special abilities


You were on level 4 of the Dungeon.
You visited 2 branches of the dungeon, and saw 5 of its levels.

You collected 173 gold pieces.

Inventory:

Hand Weapons
 a - a +0 war axe
 e - a +0 hand axe (weapon)
Missiles
 m - 2 stones (quivered)
Armour
 b - a +0 scale mail
 c - a +0 buckler (worn)
 h - a +0 leather armour (worn)
 j - a +0 pair of boots (worn)
 n - a +0 pair of gloves (worn)
 x - a +0 helmet of see invisible (worn)
 y - a +0 animal skin
Jewellery
 g - a ring of willpower (left hand)
 v - the ring "Woabiwn" (right hand) {Wiz rElec rC+ Str+4 Int+3}
   (You found it on level 3 of the Dungeon)

   [ring of wizardry]

   Wiz:       It improves your spell success rate.
   Str+4:     It affects your strength (+4).
   Int+3:     It affects your intelligence (+3).
   rC+:       It protects you from cold.
   rElec:     It insulates you from electricity.
Talismans
 q - a beast talisman
Scrolls
 i - a scroll of torment {unknown}
 k - 2 scrolls of amnesia {unknown}
 p - 3 scrolls of teleportation {unknown}
 t - a scroll of immolation {unknown}
 u - 3 scrolls of acquirement {unknown}
 w - a scroll of identify {unknown}
Potions
 d - a potion of might
 f - a potion of magic {unknown}
 l - 2 potions of mutation {unknown}
 o - a potion of curing {unknown}
 r - a potion of enlightenment {unknown}
 s - a potion of degeneration {unknown}
 z - a potion of lignification {unknown}


   Skills:
 * Level 3.4 Fighting
 * Level 3.5 Axes
 * Level 3.1 Armour
 * Level 1.4 Dodging
 * Level 3.1 Shields


You had 4 spell levels left.
You didn't know any spells.
Your spell library contained the following spells:

 Spells                   Type           Power      Damage    Failure   Level
 Slow                     Hex            0%         N/A       19%         1
 Confusing Touch          Hex            0%         N/A       45%         3
 Inner Flame              Hex/Fire       0%         N/A       45%         3
 Sigil of Binding         Hex            0%         N/A       45%         3
 Vampiric Draining        Necr           0%         2d6       45%         3
 Flame Wave               Conj/Fire      0%         2d4       86%         4
 Sticky Flame             Conj/Fire      0%         2d3       86%         4


Dungeon Overview and Level Annotations

Branches:
Dungeon (4/15)             Temple (1/1) D:4

Altars:
Ashenzari
Cheibriados
Hepliaklqana
Makhleb
Nemelex Xobeh
Ru
Sif Muna
Uskayaw
Yredelemnul

Shops:
D:4 =[

Annotations:
D:4 Natasha


Innate Abilities, Weirdness & Mutations

When seriously injured, your blood forms armour. (AC +6)
Spells you cast may paralyse adjacent enemies.
Your touch may inflict minor irresistible damage on your foes.


Message History

Your blood armour dries and flakes away.
HP restored.
Done exploring.
There is a stone staircase leading down here.
You climb downwards.
Found a quarterstaff.
Found Reotaepn's Jewellery Boutique.
Found a stone staircase leading down.
There is a stone staircase leading up here.
Natasha is nearby!
An ogre comes into view. It is wielding a +0 giant spiked club.
Found a stone staircase leading down.
The ogre shouts!
Natasha hisses.
Natasha barely misses you.
There is an entrance to Reotaepn's Jewellery Boutique here.
Found a fizzy golden potion.
Natasha barely misses you.
You closely miss Natasha. You block Natasha's attack.
You closely miss Natasha.
Natasha extends her claws.
You block Natasha's attack.
You closely miss Natasha. Natasha claws you but does no damage.
You hit Natasha.
Natasha is moderately wounded.
You hit the ogre.
The ogre hits you with a +0 giant spiked club!
Your blood congeals into armour.
Natasha claws you.
You closely miss Natasha.
Natasha is moderately wounded.
You barely miss the ogre. Natasha casts a spell at you.
The magic dart hits you. The ogre misses you.
Natasha hisses.
Natasha claws you.
* * * LOW HITPOINT WARNING * * *
You hit Natasha but do no damage.
Natasha is moderately wounded.
You hit the ogre.
The ogre hits you with a +0 giant spiked club!!
Ouch! That really hurt!
You die...

###.....#....
#...........#
#.#.........#
#.8.......).#
#...........##.
#...<...8......
#..............
#.....∩h.......
####...@.......
#8..O>......
##..........
#......8#..!
#.......# ..
##......# .
##...>.#
##.#... # .


You could see an ogre and Natasha.

Vanquished Creatures
  A jelly (D:4)
  Robin (D:4)
  2 adders
  4 worms
  2 dart slugs (D:1)
  2 orcs
  4 endoplasms
  A giant cockroach (D:2)
  10 goblins
  11 hobgoblins
  9 kobolds
  3 quokkas
  4 ball pythons
  7 bats
  2 frilled lizards (D:3)
  2 rats (D:2)
65 creatures vanquished.

Notes
Turn   | Place    | Note
-------+----------+-------------------------------------------
     0 | D:1      | gelatine the Demonspawn Fighter began the quest for the
                  | Orb.
     0 | D:1      | Reached XP level 1. HP: 18/18 MP: 1/1
   265 | D:1      | Gained mutation: When seriously injured, your blood forms
                  | armour. (AC +6) [demonic ancestry]
   265 | D:1      | Reached XP level 2. HP: 24/24 MP: 2/2
   786 | D:2      | Reached skill level 1 in Dodging
   786 | D:2      | Gained mutation: Spells you cast may paralyse adjacent
                  | enemies. [demonic ancestry]
   786 | D:2      | Reached XP level 3. HP: 27/29 MP: 3/3
  1604 | D:3      | Found a hazy altar of Hepliaklqana.
  1944 | D:3      | Identified the ring "Woabiwn" {Wiz rElec rC+ Str+4 Int+3}
  2069 | D:3      | Found a sacrificial altar of Ru.
  2124 | D:3      | Gained mutation: Your touch may inflict minor irresistible
                  | damage on your foes. [demonic ancestry]
  2124 | D:3      | Reached XP level 4. HP: 24/35 MP: 4/4
  2432 | D:4      | Found Cubigygiph's Antique Armour Shoppe.
  2495 | D:4      | Found a staircase to the Ecumenical Temple.
  2518 | D:4      | Noticed Robin
  2544 | D:4      | Killed Robin
  2579 | Temple   | Entered the Ecumenical Temple
  2672 | D:4      | Reached XP level 5. HP: 24/41 MP: 5/5
  2815 | D:4      | Noticed an ogre
  3015 | D:4      | Noticed Natasha
  3015 | D:4      | Found Reotaepn's Jewellery Boutique.
  3017 | D:4      | Noticed an ogre
  3024 | D:4      | Mangled by an ogre

Illustrated notes

Levels and vault maps discovered:
D:1:      co_arrival_random_square_maze, layout_basic
D:2:      layout_rooms, minmay_pentomino_z2
D:3:      layout_basic, mainiacjoe_overflow_concentric_impassable,
          nicolae_ru_sacrificial_ziggurat, chequers_mini_garden
D:4:      layout_cave_pools, mainiacjoe_overflow_alcove_4,
          minmay_temple_entry_junction_2, serial_shops, nicolae_stop_n_shop_1,
          shop, hangedman_abyss_or_decor_stabs, kennysheep_potato, uniq_robin,
          uniq_natasha
Temple:   dpeg_three_leaves_temple

Skill      XL: |  1  2  3  4 |
---------------+-------------+-----
Axes           | 2 3 |  3.5
Armour         | 3 |  3.1
Dodging        | 1 |  1.4
Shields        | 3 |  3.1
Fighting       | |  3.4

Action                     |  1- 3 |  4- 6 || total
---------------------------+-------+-------++-------
  Melee: Hand axe          |   141 |    77 ||   218
  Throw: Stone             |    19 |    10 ||    29
 Armour: Leather armour    |    73 |    63 ||   136
         Scale mail        |     5 |       ||     5
  Dodge: Dodged            |    70 |    60 ||   130
  Block: Buckler           |    27 |    26 ||    53

Table legend: (Time is in decaauts)
 A = Elapsed time spent in this place.
 B = Non-inter-level travel time spent in this place.
 C = Inter-level travel time spent in this place.
 D = Time resting spent in this place.
 E = Time spent auto-exploring this place.
 F = Levels seen in this place.
 G = Mean time per level.
                   A        B        C        D        E       F      G
               +--------+--------+--------+--------+--------+-----+--------+
         Total |   3071 |   2956 |    115 |      0 |   2186 |   5 |  614.2 |
       Dungeon |   3069 |   2954 |    115 |      0 |   2186 |   4 |  767.2 |
        Temple |      1 |      1 |      0 |      0 |      0 |   1 |    1.0 |
               +--------+--------+--------+--------+--------+-----+--------+

Top non-repeatable levels by time:
     D:3: 1113 daAuts
     D:1: 771 daAuts
     D:2: 719 daAuts
     D:4: 464 daAuts
  Temple: 1 daAuts
